 Dungeon Crawl Stone Soup version 0.29.0-4-gdea44cf6ec (webtiles) character file.

Game seed: 6489043317632853719

56 qw the Ruffian (level 3, -2/36 HPs)
             Began as a Troll Cinder Acolyte on Sept 1, 2022.
             Was a High Priest of Ignis.
             Succumbed to a gnoll's poison
             ... on level 2 of the Dungeon.
             The game lasted 00:00:31 (627 turns).

qw the Ruffian (Troll Cinder Acolyte)                Turns: 627, Time: 00:00:32

Health: -2/36      AC: 11    Str: 24    XL:     3   Next: 69%
Magic:  3/3        EV:  9    Int: 10    God:    Ignis [*****.]
Gold:   61         SH:  0    Dex:  5    Spells: 4/4 levels left

rFire   + . .      SeeInvis .     - Unarmed
rCold   . . .      Faith    .   (no shield)
rNeg    . . .      Spirit   .   a - +0 robe
rPois   .          Reflect  .   (helmet restricted)
rElec   .          Harm     .   (no cloak)
rCorr   +          Rampage  .   (gloves unavailable)
Will    .....                   (boots unavailable)
Stlth   +.........              (no amulet)
HPRegen 0.92/turn               f - ring of resist corrosion
MPRegen 0.08/turn               (no ring)

@: lethally poisoned (-2 -> -12), fiery-armoured
A: large, unfitting armour, claws 3, regeneration 1, shaggy fur 1, tough skin 1
a: Renounce Religion, Fiery Armour, Foxfire Swarm, Rising Flame


You were on level 2 of the Dungeon.
You worshipped Ignis.
Ignis was extremely pleased with you.
You visited 1 branch of the dungeon, and saw 2 of its levels.

You collected 61 gold pieces.


Innate Abilities, Weirdness & Mutations

You are too large for most types of armour.
You have claws for hands.
Your natural rate of healing is unusually fast.
You are covered in fur. (AC +1)
You have tough skin. (AC +1)


   Skills:
 - Level 2.4 Fighting
 + Level 4.7 Unarmed Combat
 - Level 1.0 Spellcasting
 - Level 2.1 Fire Magic


You had 4 spell levels left.
You didn't know any spells.
Your spell library contained the following spells:

 Spells                   Type           Power      Damage    Failure   Level
 Scorch                   Fire           8%         2d5       22%         2

Inventory:

Armour
 a - a +0 robe (worn)
Jewellery
 f - a ring of resist corrosion (left claw)
Scrolls
 g - a scroll of identify
Potions
 b - 2 potions of flight {unknown}
 d - a potion of curing {unknown}
 e - a potion of brilliance {unknown}
 h - a potion of heal wounds {unknown}
 i - a potion of invisibility {unknown}

Dungeon Overview and Level Annotations

Branches:
Dungeon (2/15)

Altars:

Shops:
D:1 !


Message History

The hobgoblin hits you but does no damage.
You closely miss the hobgoblin. Your claw misses the hobgoblin.
The hobgoblin barely misses you.
You claw the hobgoblin!
You kill the hobgoblin!
You see here a hobgoblin corpse.
Found an escape hatch in the floor.
As you open the door, it creaks loudly!
You hear a shout! x2
There is an open door here.
A gnoll comes into view. It is wielding a +2 halberd of venom.
A gnoll comes into view. It is wielding a +0 flail.
Found an escape hatch in the ceiling.
The gnoll barely misses you.
622 ||| INVOKING Fiery Armour.
A protective cloak of flame settles atop you.
The gnoll hits you from afar with a +2 halberd of venom!
You are poisoned.
A gnoll comes into view. It is wielding a +1 flail of pain.
You feel very sick.
The gnoll shouts!
You claw the gnoll!
You kill the gnoll!
You feel very sick. The gnoll barely misses you.
You feel very sick.
The gnoll hits you with a +2 halberd of venom!
The gnoll is burned by your cloak of flames.
The gnoll is heavily wounded.
Things that are here:
a +0 flail; a gnoll corpse You barely miss the gnoll.
The gnoll is heavily wounded.
You feel sick.
The gnoll hits you with a +2 halberd of venom!
You are more poisoned.
The gnoll is burned by your cloak of flames.
You kill the gnoll!
You claw the gnoll!
You kill the gnoll!
You die...

....##..# # #
........# ..#.......
####### #.#.#.....
...... #.#.#.####.#
.....
#.#.#.####.#####<..#
#..............'...+
#.#........##.##)).#
#.#.#...........@..#
..%.######.##.#....#
#.### #.#.......+
#'########'#..#....#
..%...........#....#
..............>....#
..............##...#
..............##...#
........##+#........


There were no monsters in sight!

Vanquished Creatures
  3 gnolls (D:2)
  An adder (D:2)
  A worm (D:2)
  A bat (D:1)
  3 endoplasms (D:1)
  2 goblins
  A hobgoblin (D:2)
  2 jackals (D:1)
  2 kobolds
  A quokka (D:1)
  4 frilled lizards (D:1)
  6 rats
27 creatures vanquished.

Notes
Turn   | Place    | Note
-------+----------+-------------------------------------------
     0 | D:1      | qw the Troll Cinder Acolyte began the quest for the Orb.
     0 | D:1      | Reached XP level 1. HP: 22/22 MP: 1/1
     0 | D:1      | 0 ||| qw: Version: 0.1-a-97-g2dd2ca4
     0 | D:1      | 0 ||| qw: Game counter: 4759
     0 | D:1      | 0 ||| qw: Always use a shield: true
     0 | D:1      | 0 ||| qw: God list: Okawaru
     0 | D:1      | 0 ||| qw: Allow faded altars: false
     0 | D:1      | 0 ||| qw: Do Orc after D:15 true
     0 | D:1      | 0 ||| qw: Do second Lair branch before Depths: true
     0 | D:1      | 0 ||| qw: Lair rune preference: random
     0 | D:1      | 0 ||| qw: Plans: Normal
     0 | D:1      | 0 ||| PLANNING D:1-11
    97 | D:1      | 97 ||| Stepping ~*~*~tactically~*~*~ (stealth).
   101 | D:1      | 101 ||| Stepping ~*~*~tactically~*~*~ (stealth).
   108 | D:1      | 108 ||| Stepping ~*~*~tactically~*~*~ (stealth).
   109 | D:1      | 109 ||| Stepping ~*~*~tactically~*~*~ (stealth).
   122 | D:1      | 122 ||| Stepping ~*~*~tactically~*~*~ (stealth).
   179 | D:1      | Reached XP level 2. HP: 29/29 MP: 2/2
   186 | D:1      | 186 ||| Stepping ~*~*~tactically~*~*~ (stealth).
   187 | D:1      | 187 ||| Stepping ~*~*~tactically~*~*~ (stealth).
   188 | D:1      | 188 ||| Stepping ~*~*~tactically~*~*~ (stealth).
   190 | D:1      | 190 ||| Stepping ~*~*~tactically~*~*~ (outnumbered).
   191 | D:1      | 191 ||| Stepping ~*~*~tactically~*~*~ (stealth).
   192 | D:1      | 192 ||| Stepping ~*~*~tactically~*~*~ (outnumbered).
   193 | D:1      | 193 ||| Stepping ~*~*~tactically~*~*~ (outnumbered).
   194 | D:1      | 194 ||| Stepping ~*~*~tactically~*~*~ (outnumbered).
   241 | D:1      | Found Ynuuklio's Distillery.
   248 | D:1      | 248 ||| SHOPLISTING potion of curing (42 gold, have 12).
   248 | D:1      | 248 ||| SHOPLISTING potion of haste (140 gold, have 12).
   248 | D:1      | 248 ||| SHOPLISTING potion of might (56 gold, have 12).
   298 | D:1      | Found a faded altar of an unknown god.
   310 | D:1      | 310 ||| Stepping ~*~*~tactically~*~*~ (outnumbered).
   311 | D:1      | 311 ||| Stepping ~*~*~tactically~*~*~ (outnumbered).
   462 | D:1      | 462 ||| UPGRADING to ring of resist corrosion.
   463 | D:1      | 463 ||| READING 2 scrolls labelled INTUKL JENNASO.
   464 | D:1      | 464 ||| READING scroll labelled RUUNAJUGG.
   543 | D:2      | Reached skill level 4 in Unarmed Combat
   553 | D:2      | 553 ||| Stepping ~*~*~tactically~*~*~ (stealth).
   557 | D:2      | 557 ||| Stepping ~*~*~tactically~*~*~ (stealth).
   558 | D:2      | 558 ||| Stepping ~*~*~tactically~*~*~ (stealth).
   594 | D:2      | Reached XP level 3. HP: 36/36 MP: 3/3
   622 | D:2      | 622 ||| INVOKING Fiery Armour.
   626 | D:2      | HP: 1/36 [gnoll/+2 halberd of venom (11)]
   627 | D:2      | Succumbed to a gnoll's poison

Levels and vault maps discovered:
D:1:      dpeg_arrival_oval, layout_rooms, basic_ecumenical_altar, serial_shops,
          shop, minmay_vboxes
D:2:      layout_basic, basic_altar, chequers_serial_rivers_large_a, uniq_robin,
          uniq_crazy_yiuf_cottage

Skill      XL: |  1  2 |
---------------+-------+-----
Unarmed Combat | 4 |  4.7
Fighting       | |  2.4
Spellcasting   | |  1.0
Fire Magic     | |  2.1

Action                   || total
-------------------------++-------
Melee: Unarmed           ||    61
Invok: Fiery Armour      ||     1
  Use: Scroll            ||     2
Armor: Robe              ||    25
Dodge: Dodged            ||    18

Table legend:
 A = Non-vault XP
 B = Vault XP
 C = Vault XP percentage of total XP
 D = Non-vault monster count
 E = Vault monster count
 F = Vault count percentage of total count
                 A         B        C        D         E       F
            +---------+---------+-------+---------+---------+-------
      Total |      85 |       9 |   9.6 |      20 |       7 |  25.9
            +---------+---------+-------+---------+---------+-------
        D:1 |      18 |       9 |  33.3 |      11 |       7 |  38.9
        D:2 |      67 |       0 |   0.0 |       9 |       0 |   0.0
            +---------+---------+-------+---------+---------+-------
